 Dungeon Crawl Stone Soup version 0.23.2-30-g0e89c35649 (webtiles) character file.

Game seed: 17460544782778348490

443 CheeseeCupcake the Vandal (level 7, -3/40 HPs)
             Began as a Kobold Hunter on June 7, 2019.
             Killed by divine providence
             ... invoked by an orc priest
              (10 damage)
             ... on level 4 of the Dungeon on June 8, 2019.
             The game lasted 00:17:56 (4501 turns).

CheeseeCupcake the Vandal (Kobold Hunter)           Turns: 4501, Time: 00:17:57

Health: -3/40      AC:  8    Str: 11    XL:     7   Next: 23%
Magic:  7/7        EV: 12    Int: 12    God:
Gold:   218        SH:  0    Dex: 16    Spells: 6/6 levels left

rFire    . . .     SeeInvis .   a - +1 hunting sling
rCold    + . .     Gourm    .   (shield restricted)
rNeg     . . .     Faith    .   c - +0 scale mail
rPois    +         Spirit   .   s - +0 helmet
rElec    .         Reflect  .   p - +0 cloak {rPois}
rCorr    .         Harm     .   (no gloves)
MR       .....                  (no boots)
Stlth    +.........             (no amulet)
HPRegen  0.13/turn              o - ring of protection from cold
MPRegen  0.10/turn              (no ring)

@: no status effects
A: small, carnivore
a: no special abilities


You were on level 4 of the Dungeon.
You were not hungry.

You visited 1 branch of the dungeon, and saw 5 of its levels.

You collected 218 gold pieces.

Inventory:

Hand Weapons
 a - a +1 hunting sling (weapon)
 b - a +0 short sword
 i - a +0 dagger
Missiles
 h - 98 stones (quivered)
Armour
 c - a +0 scale mail (worn)
 n - a +0 ring mail
 p - a +0 cloak of poison resistance (worn)
 s - a +0 helmet (worn)
Jewellery
 o - a ring of protection from cold (left hand)
Wands
 u - a wand of flame (13)
Scrolls
 e - 3 scrolls of remove curse {unknown}
 g - 5 scrolls of enchant armour {unknown}
 k - 5 scrolls of amnesia {unknown}
 m - 2 scrolls of teleportation {unknown}
 q - a scroll of random uselessness {unknown}
 r - a scroll of identify {unknown}
Potions
 d - a potion of magic {unknown}
 j - 3 potions of mutation {unknown}
 l - 2 potions of curing {unknown}
Comestibles
 f - 4 rations


   Skills:
 - Level 2.3 Fighting
 * Level 3.3 Short Blades
 + Level 7.0 Slings
 - Level 0.6 Armour
 + Level 3.6 Dodging
 + Level 2.1 Stealth


You had 6 spell levels left.
You didn't know any spells.
Your spell library was empty.

Dungeon Overview and Level Annotations

Branches:
Dungeon (5/15)
 Temple: D:4-7

Altars:


Innate Abilities, Weirdness & Mutations

You are small and have problems with some larger weapons.
You are carnivorous and can eat meat at any time.


Message History

The orc priest is moderately wounded.
The orc priest invokes the aid of Beogh against you.
Beogh smites you!
You are too injured to fight recklessly!
Firing (i - inventory)
h - 100 stones (quivered)
Press: ? - help, Shift-Dir - straight line, f/p - orc priest
Aim: an orc priest, wielding a +0 flail and wearing a +0 leather armour (moderately wounded)
You shoot a stone.
The stone hits the orc priest but does no damage.
The orc priest is moderately wounded.
Firing (i - inventory)
h - 99 stones (quivered)
Press: ? - help, Shift-Dir - straight line, f/p - orc priest
Aim: an orc priest, wielding a +0 flail and wearing a +0 leather armour (moderately wounded)
You shoot a stone. The stone barely misses the orc priest.
The orc priest mumbles some strange prayers to Beogh against you.
Pain shoots through your body!
* * * LOW HITPOINT WARNING * * *
The orc priest calls down the wrath of Beogh upon you.
Beogh smites you!
You die...

##### ##... .. ... .
#.# .# ###(### ..# #
#.(...##.S#.#
###(....#.....#
#.o..(.(......#
#@#.....#.o...(
........#.....#.####.
.##..................
#.##..####.##.####.
...............# .#
.##..####.#### ...##
#.# #..# #.# # #..#
#.#


You could see an orc priest.

Vanquished Creatures
  A scorpion (D:4)
  A hound (D:4)
  Crazy Yiuf (D:3)
  Natasha (thrice) (D:3)
  2 worker ants
  7 gnolls
  4 adders
  A shadow imp (D:5)
  An ooze (D:2)
  3 worms (D:2)
  A dart slug (D:3)
  A leopard gecko (D:5)
  8 orcs
  2 ball pythons (D:2)
  A giant cockroach (D:1)
  7 goblins
  12 hobgoblins
  4 jackals (D:3)
  A quokka (D:3)
  10 bats
  A jackal zombie (D:5)
  13 kobolds
  A quokka skeleton (D:4)
  5 rats
91 creatures vanquished.

Notes
Turn   | Place    | Note
-------+----------+-------------------------------------------
     0 | D:1      | CheeseeCupcake the Kobold Hunter began the quest for the
                  | Orb.
     0 | D:1      | Reached XP level 1. HP: 12/12 MP: 1/1
    54 | D:1      | Reached XP level 2. HP: 18/18 MP: 2/2
   342 | D:1      | Reached XP level 3. HP: 21/22 MP: 3/3
   674 | D:2      | Reached skill level 1 in Short Blades
   699 | D:2      | Reached skill level 5 in Slings
   699 | D:2      | Reached XP level 4. HP: 16/27 MP: 4/4
  1092 | D:2      | Reached XP level 5. HP: 21/31 MP: 5/5
  2587 | D:3      | Noticed Natasha
  2596 | D:3      | Killed Natasha
  2596 | D:3      | Reached skill level 6 in Slings
  2596 | D:3      | Reached XP level 6. HP: 28/36 MP: 6/6
  3226 | D:3      | Found a runed translucent door.
  3227 | D:3      | Noticed Crazy Yiuf
  3236 | D:3      | Killed Crazy Yiuf
  3468 | D:3      | Noticed Natasha
  3471 | D:3      | Killed Natasha
  3471 | D:3      | Reached XP level 7. HP: 40/40 MP: 7/7
  3588 | D:3      | Noticed Natasha
  3595 | D:3      | Killed Natasha
  3790 | D:3      | Found a faded altar of an unknown god.
  3860 | D:5      | Entered Level 5 of the Dungeon
  4338 | D:5      | Reached skill level 7 in Slings
  4501 | D:4      | Killed from afar by an orc priest

Skill      XL: |  1  2  3  4  5  6  7 |
---------------+----------------------+-----
Short Blades   | 1 2 3 |  3.3
Slings         | 5 6 7 |  7.0
Stealth        | 2 |  2.1
Dodging        | 3 |  3.6
Fighting       | |  2.3
Armour         | |  0.6

Action                   |  1- 3 |  4- 6 |  7- 9 || total
-------------------------+-------+-------+-------++-------
 Fire: Hunting sling     |    65 |   228 |    61 ||   354
  Eat: Chunk             |     1 |     7 |     3 ||    11
Armor: Leather armour    |     2 |     1 |       ||     3
       Scale mail        |       |    16 |    10 ||    26
       Ring mail         |       |    11 |       ||    11
Dodge: Dodged            |    18 |    85 |    24 ||   127
